 Dungeon Crawl Stone Soup version 0.28-a0-94-g325244837d (webtiles) character file.

Game seed: 17663659394918030247

30 Leeroy the Insei (level 3, -2/30 HPs)
             Began as a Djinni Transmuter on Aug 7, 2021.
             Slain by a jackal (3 damage)
             ... on level 1 of the Dungeon.
             The game lasted 00:01:17 (1059 turns).

Leeroy the Insei (Djinni Transmuter)                Turns: 1059, Time: 00:01:17

Health: -2/30      AC:  2    Str: 10    XL:     3   Next: 35%
Gold:   51         EV: 12    Int: 14    God:
                   SH:  0    Dex: 13

rFire   + + .      SeeInvis .     - Unarmed
rCold   x . .      Faith    .   (no shield)
rNeg    . . .      Spirit   .   a - +0 robe
rPois   ∞          Reflect  .   (no helmet)
rElec   .          Harm     .   (no cloak)
rCorr   .          Rampage  .   (no gloves)
Will    .....                   (boots unavailable)
Stlth   +.........              (no amulet)
HPRegen 0.10/turn               (no ring)
MPRegen 0.00/turn               (no ring)

@: flying
A: sickness immunity, fire resistance 2, cold vulnerability 1, float, innate
caster, hp casting, extra vitality 1
a: no special abilities


You were on level 1 of the Dungeon.
You visited 1 branch of the dungeon, and saw 1 of its levels.

You collected 51 gold pieces.

Inventory:

Armour
 a - a +0 robe (worn)
Scrolls
 b - a scroll of teleportation {unknown}
 e - 3 scrolls of noise {unknown}
 f - a scroll of enchant armour {unknown}
Potions
 c - a potion of lignification {unknown}
 d - a potion of might {unknown}


   Skills:
 - Level 3.0 Fighting
 - Level 2.1 Dodging
 - Level 3.0 Unarmed Combat
 + Level 1.6 Spellcasting


You couldn't memorise any spells.
You knew the following spells:

 Your Spells              Type           Power      Damage    Failure   Level
a - Beastly Appendage     Tmut           10%        N/A       13%         1
b - Wereblood             Tmut           5%         N/A       19%         2
c - Spider Form           Tmut/Pois      2%         N/A       36%         3
d - Ice Form              Ice/Tmut       5%         N/A       77%         4
e - Animate Skeleton      Necr           10%        N/A       13%         1
Your spell library was empty.

Dungeon Overview and Level Annotations

Branches:
Dungeon (1/15)

Altars:


Innate Abilities, Weirdness & Mutations

You are immune to sickness and miasma.
You are immune to poison.
Your flesh is very heat resistant. (rF++)
You are vulnerable to cold. (rC-)
You float through the air rather than walking.
You learn spells naturally, not from books.
Your magical power is your life essence.
You have superior vitality. (+4 HP)


Message History

You barely miss the jackal.
The jackal is almost dead.
The jackal bites you. The jackal closely misses you. x2
The dart slug bites you but does no damage.
The jackal bites you but does no damage.
You hit the jackal.
You kill the jackal!
The jackal misses you. The dart slug bites you.
* * * LOW HITPOINT WARNING * * *
You see here a jackal corpse.
Casting: Wereblood (safe; 19% risk of failure)
Confirm with . or Enter, or press ? or * to list all spells.
The spell is extremely dangerous to cast (36% risk of failure)!
Continue anyway?
You miscast Spider Form.
You are very lightly contaminated with residual magic.
Nothing appears to happen.
* * * LOW HITPOINT WARNING * * *
The jackal misses you. The jackal bites you.
* * * LOW HITPOINT WARNING * * *
The dart slug misses you. The jackal misses you.
You closely miss the jackal. You punch the jackal.
The jackal is lightly wounded.
The jackal barely misses you.
You hit the jackal but do no damage.
The jackal is lightly wounded.
The jackal barely misses you.
You hit the jackal.
The jackal is almost dead.
You barely miss the jackal.
The jackal is almost dead.
The jackal bites you.
* * * LOW HITPOINT WARNING * * *
The jackal closely misses you.
Your magical contamination has completely faded away.
You hit the jackal.
You kill the jackal!
The jackal bites you.
You die...

.# #### #.. ##......# .#
#### #.####.# ## # #.# #
#.####†# # #....... .
######.. . #.. .
##################.. #
#Sh@................
#.###h############......
#..Jw..# #.####.
.....##.###.# #.# ## ...
...# .# #.# # #.##.# #
#.# # #.. #.# .#. #.# #
# #.#


You could see a dart slug, an endoplasm, 2 jackals and a ball python.

Vanquished Creatures
  2 dart slugs (D:1)
  A ball python (D:1)
  3 bats (D:1)
  3 endoplasms (D:1)
  2 giant cockroaches (D:1)
  4 hobgoblins (D:1)
  4 jackals (D:1)
  A frilled lizard (D:1)
  2 kobolds (D:1)
  A rat (D:1)
23 creatures vanquished.

Notes
Turn   | Place    | Note
-------+----------+-------------------------------------------
     0 | D:1      | Leeroy the Djinni Transmuter began the quest for the Orb.
     0 | D:1      | Reached XP level 1. HP: 17/17 MP: 0/0
    36 | D:1      | Reached XP level 2. HP: 23/23 MP: 0/0
   509 | D:1      | Reached XP level 3. HP: 24/29 MP: 0/0
   509 | D:1      | Learned a level 1 spell: Animate Skeleton
  1058 | D:1      | HP: 1/30 [jackal (2)]
  1059 | D:1      | Slain by a jackal

Illustrated notes

Levels and vault maps discovered:
D:1:      minmay_arrival_nine_rooms, layout_loops_ring

Skill      XL: |  1  2  3 |
---------------+----------+-----
Fighting       | 2 3 |  3.0
Dodging        | |  2.1
Unarmed Combat | |  3.0
Spellcasting   | |  1.6

Action                   || total
-------------------------++-------
Melee: Unarmed           ||   123
       Punch             ||     2
 Cast: Wereblood         ||     2
 Stab: Sleeping          ||     3
Armor: Robe              ||    23
Dodge: Dodged            ||    98

Table legend: (Time is in decaauts)
 A = Elapsed time spent in this place.
 B = Non-inter-level travel time spent in this place.
 C = Inter-level travel time spent in this place.
 D = Time resting spent in this place.
 E = Time spent auto-exploring this place.
 F = Levels seen in this place.
 G = Mean time per level.
                   A        B        C        D        E       F      G
               +--------+--------+--------+--------+--------+-----+--------+
         Total |   1052 |   1052 |      0 |      0 |    855 |   1 | 1052.0 |
       Dungeon |   1052 |   1052 |      0 |      0 |    855 |   1 | 1052.0 |
               +--------+--------+--------+--------+--------+-----+--------+

Top non-repeatable levels by time:
     D:1: 1052 daAuts
